 Dungeon Crawl Stone Soup version 0.19-b1-3-g7dea586 (webtiles) character file.

572 cedor the Firebug (level 7, -1/41 HPs)
             Began as an Octopode Fire Elementalist on Oct 28, 2016.
             Was a Believer of Fedhas.
             Slain by a phantom (5 damage)
             ... on level 7 of the Dungeon.
             The game lasted 00:29:53 (2685 turns).

cedor the Firebug (Octopode Fire Elementalist)      Turns: 2685, Time: 00:29:54

Health: -1/41      AC:  1    Str:  8    XL:     7   Next: 34%
Magic:  8/10       EV: 15    Int: 19    God:    Fedhas [**....]
Gold:   100        SH:  0    Dex: 12    Spells: 3 memorised, 4 levels left

rFire  . . .     SeeInvis .     m - staff of earth
rCold  . . .     Gourm    .     (no shield)
rNeg   . . .     Faith    .     (helmet restricted)
rPois  .         Spirit   .     (no amulet)
rElec  .         Reflect  .     (no ring)
rCorr  .         Harm     .     (no ring)
MR     .....                    (no ring)
Stlth  ++++......               (no ring)
                                (no ring)
                                (no ring)
                                (no ring)
                                (no ring)

@: very slightly contaminated
A: almost no armour, stealthy swim, amphibious, 8 rings, constrict 8, camouflage
1, gelatinous body 1
a: Fungal Bloom, Evolution, Sunlight, Renounce Religion


You were on level 7 of the Dungeon.
You worshipped Fedhas.
Fedhas was pleased with you.
You were hungry.

You visited 2 branches of the dungeon, and saw 8 of its levels.

You collected 100 gold pieces.


Innate Abilities, Weirdness & Mutations

You cannot wear most types of armour.
You are very stealthy in the water. (Stealth+)
You are amphibious.
You can wear up to eight rings at the same time.
You can use your tentacles to constrict eight enemies at once.
Your skin changes colour to match your surroundings (Stealth+).
Your rubbery body absorbs attacks. (AC +1, EV +1)


   Skills:
 + Level 3.0 Staves
 + Level 4.1 Dodging
 - Level 4.2 Stealth
 - Level 2.0 Spellcasting
 + Level 3.4 Conjurations
 + Level 4.7 Fire Magic
 - Level 1.0 Invocations


You had 4 spell levels left.
You knew the following spells:

 Your Spells              Type           Power        Failure   Level  Hunger
x - Throw Flame           Conj/Fire      ###...       6%          2    ###....
z - Flame Tongue          Conj/Fire      ###..        3%          1    #......
Z - Conjure Flame         Conj/Fire      ###.....     12%         3    ###....

Inventory:

Hand Weapons
 a - a +1 dagger of pain
Magical Staves
 m - an uncursed staff of earth (weapon)
Wands
 e - a wand of slowing (33/48)
 o - a wand of lightning (8/15)
Scrolls
 d - a scroll of immolation {unknown}
 k - 2 scrolls of remove curse
 l - a scroll of enchant weapon
 n - 3 scrolls of teleportation {@r4}
Potions
 c - a potion of lignification {!q}
 h - a potion of heal wounds {unknown}
Books
 f - a book of Flames

   Spells                             Type                      Level
   a - Flame Tongue                   Conjuration/Fire             1
   b - Throw Flame                    Conjuration/Fire             2
   c - Conjure Flame                  Conjuration/Fire             3
   d - Inner Flame                    Hexes/Fire                   3
   e - Sticky Flame                   Conjuration/Fire             4
   f - Fireball                       Conjuration/Fire             5
Comestibles
 b - a bread ration

Dungeon Overview and Level Annotations

Branches:
Dungeon (7/15)             Temple (1/1) D:6

Altars:
Cheibriados
Fedhas
Trog
Uskayaw
The Shining One

Annotations:
D:5 Dowan, Duvessa
D:6 Grinder

▒...▒▒▒▒▒▒▒▒ ▒..........▒
▒...▒▒▒▒▒▒.▒ ▒▒ ▒▒ ▒▒.▒▒ ▒.▒ ..
.. ▒.▒ ▒.▒ .▒▒. ▒.▒ ▒.▒ .▒. ▒.▒
▒.▒ ▒▒▒▒▒ .. ▒.▒ ▒.▒▒▒▒▒▒▒▒...▒
.▒ ▒.▒ ▒..[.xW)l....▒▒▒.▒▒▒▒▒
▒▒▒▒.▒▒▒▒▒▒▒▒▒▒▒▒▒▒.F....#...£...
................. ▒.▒▒[▒▒▒▒.▒▒▒▒▒
.▒▒▒▒▒▒▒▒▒▒▒▒▒▒.5 ▒.[.......▒ .▒
▒.▒▒(....... .▒ ▒.▒▒▒▒▒▒>.▒▒ .▒
▒.▒ .▒ .▒ ..▒ .▒ .▒ .▒l▒ ..


You could see a phantom, a bullfrog and a leopard gecko.


Message History

* * * LOW HITPOINT WARNING * * *
You hit the phantom.
The phantom is almost destroyed.
The phantom completely misses you. The phantom closely misses you.
The bullfrog closely misses you.
Things that are here:
a ring mail; a goblin skeleton The bullfrog misses you.
The bullfrog barely misses you.
All of the chunks of flesh in your inventory have rotted away.
You feel better. The bullfrog barely misses you.
Magic courses through your body. The bullfrog misses you.
The bullfrog hits you!
* * * LOW HITPOINT WARNING * * *
Casting: Flame Tongue
Confirm with . or Enter, or press ? or * to list all spells.
Aiming: Throw Flame
Press: ? - help, Shift-Dir - straight line, f/p - phantom
Aim: a phantom (almost destroyed)
The puff of flame hits the bullfrog.
The bullfrog is moderately wounded.
The bullfrog barely misses you.
Blink to where?
Press: ? - help, Dir - move target cursor, p - phantom
As you read the scroll of blinking, it crumbles to dust.
The phantom blinks!
The bullfrog snags a nearby mosquito with its tongue.
The phantom hits you.
You die...
Fedhas appreciates your contribution to the ecosystem.

Action                   |  1- 3 |  4- 6 |  7- 9 || total
-------------------------+-------+-------+-------++-------
Melee: Tentacles         |     3 |     5 |     2 ||    10
       Dagger            |     1 |       |       ||     1
       Staff             |     5 |    22 |    30 ||    57
       Constrict         |     2 |    10 |     4 ||    16
 Cast: Flame Tongue      |    31 |    33 |    11 ||    75
       Throw Flame       |     3 |    16 |    10 ||    29
       Conjure Flame     |       |     2 |     1 ||     3
Invok: Fungal Bloom      |     6 |     3 |     4 ||    13
  Use: Scroll            |       |     8 |     1 ||     9
       Potion            |       |       |     2 ||     2
 Stab: Sleeping          |     1 |     1 |       ||     2
  Eat: Chunk             |       |     6 |     2 ||     8
Armor: Skin              |     1 |       |     3 ||     4
Dodge: Dodged            |    12 |    29 |    31 ||    72

Vault maps used:
D:1:      shiori_arrival_maze, nrook_loot_triangle
D:2:      nicolae_tso_swordbearing_angel, ecumenical_altar_2
D:3:      grunt_qazlal_sundering
D:4:      dancing_weapons_uskayaw, marbit_many_paths, bloody_makhleb,
          first_bread, minmay_surrounded, uniq_robin
D:5:      nicolae_overflow_hidden_temple, gup_sewer_entry_spiral, uniq_duvessa
D:6:      overflow_temple_1_default, serial_shops, nicolae_shop_behind_doors,
          grunt_ministairs_2, kennysheep_minor_cross, uniq_grinder,
          uniq_menkaure, uniq_blork_the_orc, uniq_pikel, uniq_crazy_yiuf_cottage
D:7:      kennysheep_mini_moat, vehumet_statue, serial_shops,
          nicolae_shop_waterfront
Temple:   jpeg_temple_island

Notes
Turn   | Place    | Note
-------+----------+-------------------------------------------
     0 | D:1      | cedor the Octopode Fire Elementalist began the quest for the Orb.
     0 | D:1      | Reached XP level 1. HP: 11/11 MP: 3/3
   166 | D:1      | Reached skill level 3 in Stealth
   192 | D:2      | Found a faded altar of an unknown god.
   202 | D:2      | Reached XP level 2. HP: 17/17 MP: 1/5
   257 | D:2      | Became a worshipper of Fedhas Madash
   257 | D:2      | Reached * piety under Fedhas
   262 | D:2      | Learned a level 2 spell: Throw Flame
   301 | D:2      | Found a glowing golden altar of the Shining One.
   445 | D:2      | Reached XP level 3. HP: 21/21 MP: 1/6
   629 | D:4      | Noticed a hand axe
   629 | D:4      | Noticed a dagger
   631 | D:4      | Found a hide-covered altar of Uskayaw.
   698 | D:4      | Reached skill level 4 in Stealth
   698 | D:4      | Reached XP level 4. HP: 12/27 MP: 0/7
   871 | D:4      | Reached skill level 1 in Staves
   871 | D:4      | Reached skill level 2 in Conjurations
  1011 | D:5      | Entered Level 5 of the Dungeon
  1091 | D:5      | Learned a level 3 spell: Conjure Flame
  1103 | D:5      | Reached XP level 5. HP: 13/31 MP: 1/8
  1232 | D:5      | Found a snail-covered altar of Cheibriados.
  1288 | D:5      | Noticed a hippogriff
  1322 | D:5      | Reached skill level 3 in Dodging
  1391 | D:5      | Noticed Duvessa
  1391 | D:5      | Noticed Dowan
  1524 | D:5      | Reached skill level 4 in Fire Magic
  1524 | D:5      | Reached skill level 1 in Invocations
  1581 | D:5      | Reached XP level 6. HP: 36/36 MP: 6/9
  1658 | D:5      | Reached skill level 2 in Staves
  1660 | D:5      | Reached ** piety under Fedhas
  1877 | D:6      | Noticed Grinder
  1952 | D:6      | Found a bloodstained altar of Trog.
  1955 | D:6      | Noticed a sky beast
  1975 | D:6      | Found a staircase to the Ecumenical Temple.
  1983 | Temple   | Entered the Ecumenical Temple
  2058 | D:6      | Reached skill level 3 in Conjurations
  2265 | D:7      | Reached XP level 7. HP: 19/41 MP: 7/10
  2273 | D:7      | Reached skill level 4 in Dodging
  2450 | D:7      | Reached skill level 3 in Staves
  2681 | D:7      | HP: 3/41 [bullfrog (8)]
  2685 | D:7      | Slain by a phantom

Vanquished Creatures
  A centaur (D:6)
  2 bullfrogs (D:7)
  A howler monkey (D:4)
  3 orc wizards
  2 hounds
  A bullfrog skeleton (D:5)
  2 worker ants (D:5)
  A hound skeleton (D:5)
  A worker ant zombie (D:5)
  3 adders
  An adder skeleton (D:3)
  2 dart slugs (D:2)
  A leopard gecko (D:4)
  16 orcs
  2 bats
  2 giant cockroaches
  5 goblins
  3 jackals (D:2)
  2 kobolds (D:1)
  A quokka (D:2)
  A frilled lizard (D:2)
  3 rats
56 creatures vanquished.

Vanquished Creatures (others)
  22 toadstools
22 creatures vanquished.

Grand Total: 78 creatures vanquished
